cohdb
Replays
Latest Replays
All Replays
Popular Replays
Top Player Replays
Match Explorer
How It Works
Community
CoH3 Stats
Reddit
Sign in to upload your games and track your stats! →
Sign in with Steam
Match 44562983
Unlisted
Match 44562983
Overview
Messages
Build Orders
End
Construct Section Command Post
Construct Section Command Post
Infantry Section
Selects Indian Artillery Battlegroup
Infantry Section
ML 3-inch Mortar Team
Infantry Section
Construct Platoon Command Post
Selects Artillery Saturation
Humber Armored Car
Forward Retreat Point
Construct Field Infirmary
Selects War Cry
Selects Gurkha Rifles Section
CMP 15cwt Truck
Construct Company Command Post
Crusader II Medium Tank
Royal Engineer Section
Selects Pillage
Infantry Training
Unlock M3 Grant Medium Tanks
Grenade Package
M3 Grant Medium Tank
M3 Grant Medium Tank
M3 Grant Medium Tank
Armored Vehicle Training
Selects Off-map Airburst Barrage
Selects BL5.5 Artillery Emplacement
Off-map Airburst Barrage
M3 Grant Medium Tank
Off-map Airburst Barrage
Gurkha Rifles Section
Off-map Airburst Barrage
DibbeTC
Halghery
Salva99
Edellyth
Daspi
The Cisco Kid
billygoatscruff
×Dollyinh0÷
0
0
Comments
sign in to comment!
No comments posted yet!